 Dungeon Crawl Stone Soup version 0.24-a0-487-g57318f2ed0 (webtiles) character file.

Game seed: 4232877386318386566

59 Gynju the Conjurer (level 3, -2/26 HPs)
             Began as a Draconian Conjurer on July 10, 2019.
             Slain by an adder (3 damage)
             ... on level 2 of the Dungeon.
             The game lasted 00:02:46 (1925 turns).

Gynju the Conjurer (Draconian Conjurer)             Turns: 1925, Time: 00:02:47

Health: -2/26      AC:  5    Str: 10    XL:     3   Next: 78%
Magic:  2/7        EV: 12    Int: 16    God:
Gold:   57         SH:  0    Dex: 11    Spells: 7/8 levels left

rFire    . . .     SeeInvis .   m - +0 whip
rCold    . . .     Gourm    .   (no shield)
rNeg     . . .     Faith    .   (armour unavailable)
rPois    .         Spirit   .   (helmet restricted)
rElec    .         Reflect  .   (no cloak)
rCorr    .         Harm     .   (no gloves)
MR       .....                  (no boots)
Stlth    ++........             (no amulet)
HPRegen  0.08/turn              (no ring)
MPRegen  0.10/turn              (no ring)

@: no status effects
A: unfitting armour, cold-blooded, AC +5
a: no special abilities


You were on level 2 of the Dungeon.
You were hungry.

You visited 1 branch of the dungeon, and saw 2 of its levels.

You collected 57 gold pieces.

Inventory:

Hand Weapons
 m - a +0 whip (weapon)
Missiles
 c - 63 stones (quivered)
Scrolls
 d - a scroll of immolation {unknown}
 e - a scroll of teleportation {unknown}
 f - a scroll of identify {unknown}
 h - 2 scrolls of remove curse {unknown}
 j - a scroll of amnesia {unknown}
 k - 2 scrolls of magic mapping {unknown}
Potions
 a - a potion of brilliance {unknown}
 g - 2 potions of heal wounds {unknown}
 i - 2 potions of lignification {unknown}
 l - 2 potions of ambrosia {unknown}
Comestibles
 b - 3 rations


   Skills:
 - Level 1.7 Dodging
 - Level 1.7 Stealth
 + Level 3.1 Spellcasting
 + Level 4.8 Conjurations


You had 7 spell levels left.
You knew the following spells:

 Your Spells              Type           Power        Failure   Level  Hunger
a - Magic Dart            Conj           ###.         2%          1    #......

Your spell library contained the following spells:

 Spells                   Type           Power        Failure   Level  Hunger
 Searing Ray              Conj           ###...       3%          2    ##.....
 Dazzling Spray           Conj/Hex       ##....       21%         3    ###....
 Iskenderun's Mystic Bla  Conj           ###.....     26%         4    #####..
 Force Lance              Conj/Tloc      ##......     56%         4    #####..
 Fulminant Prism          Conj/Hex       ##........   56%         4    #####..


Dungeon Overview and Level Annotations

Branches:
Dungeon (2/15)

Altars:


Innate Abilities, Weirdness & Mutations

Your plain brown scales are hard. (AC +5)
You cannot fit into any form of body armour.
You are cold-blooded and may be slowed by cold attacks.


Message History

You hit the jackal.
You kill the jackal!
The goblin hits you but does no damage. The rat bites you but does no damage.
The goblin hits you but does no damage.
You miss the adder. The rat bites you.
* * * LOW HITPOINT WARNING * * *
The adder bites you but does no damage. The goblin closely misses you.
The rat bites you but does no damage.
You hit the adder.
The adder is heavily wounded.
The adder completely misses you. The goblin closely misses you.
The adder bites you but does no damage. The rat barely misses you.
You miss the adder.
The adder is heavily wounded.
The adder barely misses you. The goblin closely misses you.
The rat bites you but does no damage.
You closely miss the adder.
The adder is heavily wounded.
The adder bites you.
You die...

.....#.# #.###...÷).........#
##.###.# #.....####.........#
#.# #.###....................
#.# #.......#.##.......#......
#.#######.#.#.#.....#......#..
#......÷#....<#...#.....#.....
#######.....#.#..#....#....#.
#.##.##.##S..#...#...
#.......#@gw#..#..#..
####.#####r#.#.#.#. #.#
#.##.## # #.######. ## #...).#
.# ####### #? ##


You could see an adder, a dart slug, a goblin and a rat.

Vanquished Creatures
  2 adders (D:2)
  An ooze (D:2)
  A worm (D:2)
  A dart slug (D:1)
  A leopard gecko (D:1)
  2 bats (D:1)
  3 goblins (D:1)
  4 hobgoblins
  4 jackals (D:2)
  3 frilled lizards
  7 kobolds
  4 rats
33 creatures vanquished.

Notes
Turn   | Place    | Note
-------+----------+-------------------------------------------
     0 | D:1      | Gynju the Draconian Conjurer began the quest for the Orb.
     0 | D:1      | Reached XP level 1. HP: 14/14 MP: 3/3
   385 | D:1      | Reached XP level 2. HP: 20/20 MP: 1/5
  1328 | D:2      | Reached XP level 3. HP: 10/26 MP: 0/7
  1922 | D:2      | HP: 1/26 [rat (1)]
  1925 | D:2      | Slain by an adder

Levels and vault maps discovered:
D:1:      psy_arrival_terrarium, layout_basic
D:2:      layout_basic, first_ration, serial_curves, eino_curves_01,
          eino_curves_01, hangedman_abyss_or_decor_lesser_grid,
          minmay_increasing_density

Skill      XL: |  1  2  3 |
---------------+----------+-----
Spellcasting   | 3 |  3.1
Dodging        | |  1.7
Stealth        | |  1.7
Conjurations   | |  4.8

Action                   || total
-------------------------++-------
Melee: Unarmed           ||     4
       Whip              ||    33
       Tailslap          ||     2
 Cast: Magic Dart        ||    71
  Eat: Chunk             ||     3
Armor: Skin              ||    31
Dodge: Dodged            ||    56

Table legend:
 A = Non-vault XP
 B = Vault XP
 C = Vault XP percentage of total XP
 D = Non-vault monster count
 E = Vault monster count
 F = Vault count percentage of total count
                 A         B        C        D         E       F
            +---------+---------+-------+---------+---------+-------
      Total |      84 |       1 |   1.2 |      32 |       1 |   3.0
            +---------+---------+-------+---------+---------+-------
        D:1 |      33 |       0 |   0.0 |      20 |       0 |   0.0
        D:2 |      51 |       1 |   1.9 |      12 |       1 |   7.7
            +---------+---------+-------+---------+---------+-------
